 Dungeon Crawl Stone Soup version 0.28-a0-1415-g7c84da036a (webtiles) character file.

Game seed: 13998656589036391447

21503 siradein the Nimble (level 13, -10/103 HPs)
             Began as a Djinni Gladiator on Jan 7, 2022.
             Was a Priest of Makhleb.
             Mangled by a large abomination (14 damage)
             ... on level 2 of the Abyss.
             The game lasted 00:52:01 (18204 turns).

siradein the Nimble (Djinni Gladiator)             Turns: 18204, Time: 00:52:02

Health: -10/103    AC: 14    Str: 13    XL:     13   Next: 20%
Gold:   737        EV: 18    Int: 18    God:    Makhleb [***...] SH:  0 Dex: 21

rFire   + + .      SeeInvis .   D - +1 long sword (freeze)
rCold   . . .      Faith    .   (no shield)
rNeg    . . .      Spirit   .   U - +2 acid dragon scales
rPois   ∞          Reflect  .   c - +0 helmet
rElec   .          Harm     .   N - +0 cloak of Xuseuxow {rC+ Regen+ Str-2 Dex+5}
rCorr   +          Rampage  .   I - +0 pair of gloves
Will    +....                   (boots unavailable)
Stlth   +.........              M - amulet of regeneration
HPRegen 1.87/turn               B - +6 ring of intelligence
MPRegen 0.00/turn               u - ring of wizardry

@: flying
A: sickness immunity, fire resistance 2, cold vulnerability 1, float, innate
caster, hp casting, extra vitality 1, robust 1
a: Renounce Religion, Minor Destruction, Lesser Servant of Makhleb


You were on level 2 of the Abyss.
You worshipped Makhleb.
Makhleb was most pleased with you.
You visited 3 branches of the dungeon, and saw 14 of its levels.
You visited the Abyss 1 time.
You also visited: Gauntlet and Volcano.

You collected 737 gold pieces.

Inventory:

Hand Weapons
 p - the +8 flail of Huwk {drain, Int+6}
   (You found it on level 4 of the Dungeon)

   A truly terrible weapon, it drains the life of any living foe it strikes.
   Int:       It affects your intelligence (+6).
 D - a +1 long sword of freezing (weapon)
Missiles
 d - 4 throwing nets
 v - 5 atropa-tipped darts
 w - 14 poisoned darts
Armour
 c - a +0 helmet (worn)
 I - a +0 pair of gloves (worn)
 N - the +0 cloak of Xuseuxow (worn) {rC+ Regen+ Str-2 Dex+5}
   (You found it on level 10 of the Dungeon)

   Str:       It affects your strength (-2).
   Dex:       It affects your dexterity (+5).
   rC:        It protects you from cold.
   Regen:     It increases your rate of health regeneration.
 S - +1 storm dragon scales
 U - +2 acid dragon scales (worn)
Jewellery
 j - a ring of positive energy
 u - a ring of wizardry (right hand)
 A - a ring of willpower
 B - a +6 ring of intelligence (left hand)
 L - a +6 ring of intelligence
 M - an amulet of regeneration (around neck)
Wands
 a - a wand of polymorph (19)
 y - a wand of paralysis (6)
 G - a wand of acid (11)
 J - a wand of iceblast (14)
 T - a wand of flame (11)
Scrolls
 b - 2 scrolls of enchant weapon
 g - 2 scrolls of vulnerability
 l - 5 scrolls of teleportation
 m - 3 scrolls of noise {unknown}
 r - 2 scrolls of fog {unknown}
 x - 3 scrolls of enchant armour {unknown}
 C - 2 scrolls of immolation {unknown}
 E - a scroll of magic mapping {unknown}
 F - a scroll of summoning {unknown}
 R - a scroll of holy word {unknown}
Potions
 e - 3 potions of haste
 i - a potion of mutation
 k - 4 potions of lignification
 n - a potion of invisibility
 o - a potion of berserk rage {unknown}
 q - 5 potions of curing
 z - 2 potions of heal wounds {unknown}
 H - a potion of degeneration {unknown}
 K - a potion of attraction {unknown}
 O - 2 potions of resistance {unknown}
Miscellaneous
 f - a tin of tremorstones (2/2)
 h - a phial of floods


   Skills:
 + Level 9.0 Fighting
 + Level 8.4 Long Blades
 - Level 2.0 Throwing
 + Level 7.9 Armour
 + Level 10.2 Dodging
 + Level 6.5 Spellcasting
 + Level 8.0 Invocations
 + Level 4.8 Evocations


You had 5 spell levels left.
You knew the following spells:

 Your Spells              Type           Power      Damage    Failure   Level
a - Foxfire               Conj/Fire      100%       2x1d9     1%          1
b - Static Discharge      Conj/Air       29%        N/A       1%          2
c - Gell's Gravitas       Tloc           29%        N/A       1%          3
d - Airstrike             Air            14%        N/A       4%          4
e - Metabolic Englaciati  Hex/Ice        14%        N/A       12%         5
f - Blade Hands           Tmut           14%        N/A       12%         5
Your spell library was empty.

Dungeon Overview and Level Annotations

Branches:
Dungeon (11/15)            Temple (1/1) D:4            Lair (2/6) D:11
    Orc (0/2) D:9         Volcano (visited)         Gauntlet (visited)
  Swamp: Lair:2-4    Shoals: Lair:2-4     Snake: Lair:2-4    Spider: Lair:2-4

Altars:
Ashenzari
Cheibriados
Dithmenos
Elyvilon
Fedhas
Gozag
Hepliaklqana
Kikubaaqudgha
Makhleb
Nemelex Xobeh
Okawaru
Qazlal
Ru
Sif Muna
Trog
Uskayaw
Vehumet
Wu Jian
Xom
Yredelemnul
Zin
The Shining One


Innate Abilities, Weirdness & Mutations

You are immune to sickness and miasma.
You are immune to poison.
Your flesh is very heat resistant. (rF++)
You are vulnerable to cold. (rC-)
You float through the air rather than walking.
You learn spells naturally, not from books.
Your magical power is your life essence.
You have superior vitality. (+4 MHP)
You are robust. (+10% HP)


Message History

You slash the starcursed mass! You freeze the starcursed mass.
The starcursed mass is moderately damaged.
The starcursed mass shudders and is absorbed by its neighbour.
You are suddenly pulled into a different region of the Abyss!
Found a mace and a robe.
A starcursed mass and a large abomination come into view.
Unknown command.
The starcursed mass touches you but does no damage.
A starcursed mass splits.
A large abomination comes into view.
Found 23 gold pieces.
A chorus of shrieks assaults your mind.
A lurking horror comes into view.
Found 11 gold pieces.
A chorus of shrieks assaults your mind.
A starcursed mass splits.
A starcursed mass splits.
A worldbinder comes into view.
Found 30 gold pieces.
Your body is wracked with pain!
* * * LOW HITPOINT WARNING * * *
The worldbinder misses you.
The worldbinder hits you but does no damage.
A large abomination comes into view.
Found 33 gold pieces.
The large abomination misses you. The large abomination hits you!!
* * * LOW HITPOINT WARNING * * *
You hear a horrible gurgling sound!
The large abomination misses you.
You see here 11 gold pieces.
You hit the large abomination but do no damage.
The large abomination barely misses you.
A starcursed mass splits.
A chorus of shrieks assaults your mind.
* * * LOW HITPOINT WARNING * * *
Unknown command.
You slash the large abomination! You freeze the large abomination.
The large abomination is moderately damaged.
The large abomination hits you!
You die...

#.##.##.##.#
# ##.## #
#.X.# #
##X## # #.#
.##.##$#
.8..≈.... .#
#.##.##x##.#
####X## #
#$X§@#
######


You could see 2 starcursed masses, 2 large abominations and a worldbinder.

Vanquished Creatures
  A minotaur (Gauntlet)
  2 two-headed ogres (D:10)
  A hydra (Lair:1)
  A centaur warrior (D:11)
  A wizard (Gauntlet)
  Pikel (D:6)
  Joseph (D:9)
  A toenail golem (Volcano)
  Maurice (D:10)
  4 cane toads (Lair:1)
  4 komodo dragons (Lair:1)
  Psyche (D:9)
  An ice devil (Gauntlet)
  A meliai (D:11)
  A troll (D:11)
  A raiju (Abyss:2)
  A shadow (D:7)
  A vampire (D:9)
  A wraith (D:7)
  A wyvern (Lair:1)
  8 yaks
  3 steam dragons
  2 acid dragons
  3 water moccasins
  7 orc warriors
  2 black bears (D:11)
  A sky beast (D:8)
  A hornet zombie (D:7)
  3 ice beasts
  4 ogres
  A necrophage (D:7)
  4 wolves (Lair:1)
  3 centaurs
  A phantom (D:5)
  2 kobold brigands (D:9)
  A wyvern zombie (D:8)
  2 gnoll sergeants
  5 bullfrogs
  Blork the orc (D:6)
  3 scorpions
  7 wights (D:7)
  4 electric eels
  A howler monkey (D:4)
  A hound (D:5)
  A centaur zombie (D:9)
  9 orc priests
  A jelly (D:8)
  2 bullfrog skeletons
  A centaur skeleton (D:7)
  2 gnoll shamans (D:5)
  5 hell rats (Lair:1)
  4 iguanas
  A scorpion zombie (D:5)
  12 orc wizards
  3 adders
  16 gnolls
  2 worms
  4 dart slugs
  32 orcs
  3 bats
  4 endoplasms
  A giant cockroach (D:3)
  8 goblins
  7 hobgoblins
  3 quokkas
  3 ball pythons
  6 frilled lizards
  17 kobolds
  5 rats
249 creatures vanquished.

Vanquished Creatures (collateral kills)
  A fire dragon (D:10)
  A hydra (Lair:1)
  A hell beast (Gauntlet)
  A two-headed ogre (D:11)
  A wizard (Volcano)
  2 toenail golems (Volcano)
  A gargoyle (D:11)
  4 yaks
  2 water moccasins (D:11)
  An orc warrior (D:11)
  2 bullfrogs (D:11)
  A scorpion (D:11)
  An orc wizard (D:11)
  2 shadow imps (Gauntlet)
  5 white imps (Gauntlet)
26 creatures vanquished.

Vanquished Creatures (others)
  2 wizards (Volcano)
  A rat (D:9)
  27 foxfires
  38 fungi
  A lurking horror (Abyss:2)
  49 plants
  5 starspawn tentacles (Abyss:2)
123 creatures vanquished.

Grand Total: 398 creatures vanquished

Notes
Turn   | Place    | Note
-------+----------+-------------------------------------------
     0 | D:1      | siradein the Djinni Gladiator began the quest for the Orb.
     0 | D:1      | Reached XP level 1. HP: 18/18 MP: 0/0
    76 | D:1      | Reached XP level 2. HP: 6/23 MP: 0/0
   383 | D:1      | Found a faded altar of an unknown god.
   556 | D:1      | Reached XP level 3. HP: 24/28 MP: 0/0
   556 | D:1      | Learned a level 1 spell: Foxfire
  2168 | D:3      | Reached XP level 4. HP: 31/34 MP: 0/0
  2210 | D:3      | Reached skill level 1 in Spellcasting
  3062 | D:3      | Gained mutation: You are robust. (+10% HP) [potion of
                  | mutation]
  3090 | D:4      | You are sucked into a shaft and drop 1 floor!
  3090 | D:5      | Entered Level 5 of the Dungeon
  3107 | D:4      | Noticed a scorpion
  3123 | D:4      | Killed a scorpion
  3124 | D:4      | Reached skill level 4 in Dodging
  3124 | D:4      | Reached XP level 5. HP: 26/44 MP: 0/0
  3124 | D:4      | Learned a level 2 spell: Static Discharge
  3161 | D:4      | Identified the +8 flail of Huwk {drain, Int+6}
  3416 | D:4      | Noticed an ogre
  3432 | D:4      | Killed an ogre
  3433 | D:4      | Reached XP level 6. HP: 14/50 MP: 0/0
  3855 | D:4      | Noticed a steam dragon
  3866 | D:4      | Killed a steam dragon
  3887 | D:4      | Found a staircase to the Ecumenical Temple.
  3894 | Temple   | Entered the Ecumenical Temple
  3909 | Temple   | Became a worshipper of Makhleb the Destroyer
  4263 | D:4      | Reached XP level 7. HP: 55/56 MP: 0/0
  4263 | D:4      | Learned a level 3 spell: Gell's Gravitas
  4892 | D:5      | Reached skill level 5 in Dodging
  4941 | D:5      | Reached skill level 1 in Armour
  4941 | D:5      | Reached skill level 1 in Invocations
  5226 | D:5      | Reached XP level 8. HP: 24/63 MP: 0/0
  6321 | D:5      | Reached skill level 6 in Dodging
  6426 | D:6      | Noticed Pikel
  6453 | D:6      | Reached skill level 5 in Long Blades
  6453 | D:6      | Reached XP level 9. HP: 70/70 MP: 0/0
  6453 | D:6      | Learned a level 4 spell: Airstrike
  6484 | D:6      | Killed Pikel
  6485 | D:6      | Reached skill level 5 in Fighting
  6731 | D:6      | Reached * piety under Makhleb
  6962 | D:6      | Noticed Blork the orc
  6975 | D:6      | Killed Blork the orc
  7808 | D:7      | Reached skill level 7 in Dodging
  7849 | D:7      | Reached XP level 10. HP: 79/79 MP: 0/0
  8279 | D:7      | HP: 1/79 [something (28)]
 10149 | D:8      | Reached skill level 5 in Invocations
 10487 | D:8      | Reached skill level 5 in Armour
 10748 | D:8      | Reached ** piety under Makhleb
 12161 | D:9      | Noticed Psyche
 12284 | D:9      | Killed Psyche
 12285 | D:9      | Reached skill level 8 in Dodging
 12607 | D:9      | Noticed Joseph
 12949 | D:9      | Reached XP level 11. HP: 69/85 MP: 0/0
 12949 | D:9      | Learned a level 5 spell: Metabolic Englaciation
 12955 | D:9      | Reached *** piety under Makhleb
 13030 | D:9      | Found a staircase to the Orcish Mines.
 13522 | D:9      | Reached skill level 5 in Spellcasting
 14126 | D:9      | Killed Joseph
 14243 | D:10     | Entered Level 10 of the Dungeon
 14305 | D:10     | Noticed Maurice
 14313 | D:10     | Killed Maurice
 14431 | D:10     | Identified the +0 cloak of Xuseuxow {rC+ Regen+ Str-2
                  | Dex+5}
 14470 | D:10     | Found a sacrificial altar of Ru.
 14496 | D:10     | Noticed a two-headed ogre
 14501 | D:10     | Killed a two-headed ogre
 14876 | D:10     | Noticed a two-headed ogre
 14882 | D:10     | Killed a two-headed ogre
 14889 | D:10     | Noticed a fire dragon
 14923 | D:10     | Killed a fire dragon
 14924 | D:10     | Reached skill level 1 in Evocations
 15455 | D:11     | Reached skill level 9 in Dodging
 15489 | D:11     | Noticed a two-headed ogre
 15507 | D:11     | Killed a two-headed ogre
 15542 | D:11     | Reached XP level 12. HP: 91/94 MP: 0/0
 15564 | D:11     | Found a staircase to the Lair.
 15649 | D:11     | Found a gate leading to a gauntlet.
 15656 | Gauntlet | Entered a Gauntlet
 15656 | Gauntlet | Found a transporter.
 15661 | Gauntlet | Found a transporter.
 15663 | Gauntlet | Found a transporter.
 15683 | Gauntlet | Found a transporter.
 15691 | Gauntlet | Noticed a hell beast
 15694 | Gauntlet | Found a transporter.
 15706 | Gauntlet | Found a runed translucent door.
 15712 | Gauntlet | Found a runed translucent gate.
 15713 | Gauntlet | Found a transporter.
 15713 | Gauntlet | Found a runed translucent gate.
 15714 | Gauntlet | Found a runed translucent gate.
 15723 | Gauntlet | Found a transporter.
 15726 | Gauntlet | Noticed a ghost crab
 15731 | Gauntlet | Noticed an entropy weaver
 15733 | Gauntlet | Found a runed translucent door.
 15734 | Gauntlet | Found a transporter.
 15749 | Gauntlet | Found a runed translucent door.
 15753 | Gauntlet | Found a transporter.
 15767 | Gauntlet | Found a transporter.
 15823 | Gauntlet | Found a transporter.
 15839 | Gauntlet | Found a transporter.
 15842 | Gauntlet | Found a transporter.
 15871 | Gauntlet | Found a transporter.
 16101 | Gauntlet | Killed a hell beast
 16167 | Gauntlet | Noticed a minotaur
 16194 | Gauntlet | Killed a minotaur
 16517 | D:11     | Noticed a centaur warrior
 16527 | D:11     | Killed a centaur warrior
 16717 | Lair:1   | Entered Level 1 of the Lair of Beasts
 17091 | Lair:1   | Noticed a seven-headed hydra
 17323 | Lair:1   | Killed a seven-headed hydra
 17770 | Lair:1   | Noticed a five-headed hydra
 17776 | Lair:1   | Killed a five-headed hydra
 17777 | Lair:1   | Reached skill level 10 in Dodging
 17777 | Lair:1   | Reached XP level 13. HP: 99/103 MP: 0/0
 17777 | Lair:1   | Learned a level 5 spell: Blade Hands
 17899 | Lair:2   | Found a dark tunnel.
 17910 | Volcano  | Entered a volcano
 18037 | Volcano  | Cast into level 2 of the Abyss (a wizard)
 18166 | Abyss:2  | Noticed a tentacled starspawn
 18168 | Abyss:2  | Noticed a starcursed mass
 18182 | Abyss:2  | Paralysed by accursed screaming for 1 turns
 18189 | Abyss:2  | Noticed a starcursed mass
 18201 | Abyss:2  | HP: 2/103 [large abomination (27)]
 18204 | Abyss:2  | Mangled by a large abomination

Illustrated notes

Levels and vault maps discovered:
D:1:      nagdon_arrival_zigzag_paths, layout_basic,
          ebering_ecumenical_altar_mist, minmay_surrounded
D:2:      layout_basic
D:3:      layout_loops_corners, st_stairs_3, minmay_goblin_kobold_house
D:4:      layout_gridville, minmay_temple_entry_arrows
D:5:      layout_cave_pools, serial_rivers, chequers_serial_rivers_micro_d,
          chequers_serial_rivers_small_b, chequers_serial_rivers_room_a,
          chequers_serial_rivers_marsh, chequers_serial_rivers_large_b,
          chequers_serial_rivers_small_3
D:6:      layout_basic, serial_park_tiny_1, uniq_pikel, uniq_blork_the_orc
D:7:      layout_basic
D:8:      layout_basic
D:9:      layout_irregular_city, erik_orc_2, kennysheep_donut, uniq_psyche,
          uniq_joseph
D:10:     dragon1_lemuel, layout_basic, nicolae_overflow_crystal_walls,
          nicolae_figureground_pulse, uniq_maurice
D:11:     layout_roguey, due_lair_maze_entry_diamond, gauntlet_entry_generic
Temple:   compressed_dpeg_triangle_lava_temple
Lair:1:   layout_chaotic_city, lemuel_fruit_tree, grunt_megastairs_5
Lair:2:   layout_regular_city, nicolae_volcano_entry_two_sided, tgw_fedhas,
          uniq_urug
Abyss:2:  base: D:10, evilmike_abyss_exit_vortex, evilmike_abyss_exit_vortex,
          hangedman_cross_veins
Volcano:  volcano_bunker

Skill      XL: |  1  2  3  4  5  6  7  8  9 10 11 12 13 |
---------------+----------------------------------------+-----
Throwing       | 2 |  2.0
Long Blades    | 3 4 5 6 7 8 |  8.4
Spellcasting   | 1 2 3 4 5 6 |  6.5
Dodging        | 4 5 6 7 8 9 10 | 10.2
Fighting       | 3 4 6 7 8 9 |  9.0
Armour         | 1 2 4 5 6 7 |  7.9
Invocations    | 1 3 4 5 6 7 8 |  8.0
Evocations     | 2 4 |  4.8

Action                   |  1- 3 |  4- 6 |  7- 9 | 10-12 | 13-15 || total
-------------------------+-------+-------+-------+-------+-------++-------
Melee: Long sword        |    92 |    50 |       |   403 |    55 ||   600
       Punch             |     2 |     2 |     1 |    13 |     4 ||    22
       Flail             |       |    16 |   156 |    52 |       ||   224
 Cast: Foxfire           |    11 |     9 |       |       |       ||    20
       Airstrike         |       |       |       |   203 |    10 ||   213
Invok: Lesser Servant of |       |       |       |    11 |     3 ||    14
       Minor Destruction |       |       |       |    50 |       ||    50
  Use: Scroll            |       |     4 |     1 |     3 |     2 ||    10
       Potion            |       |     1 |       |     3 |       ||     4
 Stab: Sleeping          |       |     1 |     1 |       |       ||     2
       Distracted        |       |       |       |     5 |     3 ||     8
       Invisible         |       |       |       |     2 |       ||     2
Armor: Leather armour    |    25 |     5 |       |       |       ||    30
       Ring mail         |       |     9 |       |       |       ||     9
       Steam dragon scal |       |     2 |    30 |    91 |       ||   123
       Storm dragon scal |       |       |       |   210 |       ||   210
       Acid dragon scale |       |       |       |       |    25 ||    25
Dodge: Dodged            |    83 |    63 |   179 |   471 |    59 ||   855

Table legend: (Time is in decaauts)
 A = Elapsed time spent in this place.
 B = Non-inter-level travel time spent in this place.
 C = Inter-level travel time spent in this place.
 D = Time resting spent in this place.
 E = Time spent auto-exploring this place.
 F = Levels seen in this place.
 G = Mean time per level.
                   A        B        C        D        E       F      G
               +--------+--------+--------+--------+--------+-----+--------+
         Total |  18330 |  18100 |    230 |   2238 |  11490 |  17 | 1078.2 |
       Dungeon |  15877 |  15654 |    223 |   2168 |  10361 |  11 | 1443.4 |
        Temple |    351 |    351 |      0 |      0 |    270 |   1 |  351.0 |
          Lair |   1193 |   1187 |      6 |      0 |    616 |   2 |  596.5 |
         Abyss |    166 |    166 |      0 |      0 |      0 |   1 |  166.0 |
       Volcano |    126 |    126 |      0 |      0 |     49 |   1 |  126.0 |
      Gauntlet |    615 |    615 |      0 |     70 |    194 |   1 |  615.0 |
               +--------+--------+--------+--------+--------+-----+--------+

Top non-repeatable levels by time:
     D:9: 3286 daAuts
     D:7: 2067 daAuts
     D:3: 1693 daAuts
     D:5: 1562 daAuts
     D:8: 1468 daAuts
     D:6: 1195 daAuts
     D:4: 1171 daAuts
  Lair:1: 1167 daAuts
    D:10: 1092 daAuts
     D:1: 1026 daAuts
    D:11: 710 daAuts
Gauntlet: 615 daAuts
     D:2: 603 daAuts
  Temple: 351 daAuts
 Abyss:2: 166 daAuts
